Map: World of Sleepers LE

Players

Trifax - Winner!

  • Race: Zerg Zerg
  • League: Master
  • Spawn Location: 7:00

Musti

  • Race: Terran Terran
  • League: Master
  • Spawn Location: 1:00

VOD

Have the link to the VOD?

Description

Time

  • Played on: Oct. 3, 2019, 5:56 p.m.
  • Length: 24:28
Show
View Real Time Build Order
Export as new Build Order

Trifax Zerg - Winner!

Build Orders: Hatch First 

Get SALT Encoding   

  12  0:00  Drone  
  13  0:13  Overlord  
  13  0:17  Drone  
  14  0:33  Drone x2  
  16  0:49  Hatchery  
  15  0:51  Drone  
  15  0:56  Drone  
  17  0:59  Drone  
  18  1:10  Extractor  
  17  1:15  Spawning Pool  
  17  1:17  Drone  
  17  1:20  Drone  
  18  1:28  Drone  
  19  1:40  Drone  
  20  1:50  Drone  
  21  2:02  Queen x2  
  21  2:03  Zergling x4  
  27  2:17  Hatchery  
  27  2:22  Overlord  
  26  2:25  Drone x2  
  28  2:32  Metabolic Boost  
  28  2:40  Drone  
  28  2:41  Drone x2  
  31  2:48  Queen  
  33  2:52  Overlord  
  33  3:04  Drone x3  
  36  3:16  Drone x2  
  36  3:18  Drone x4  
  42  3:24  Overlord, Queen  
  44  3:32  Zergling x4  
  46  3:37  Queen  
  46  3:38  Zergling x4  
  50  3:49  Drone  
  50  3:52  Drone x5  
  56  3:56  Overlord  
  56  3:59  Drone x2  
  58  4:10  Overlord  
  58  4:11  Overlord  
  58  4:14  Queen  
  58  4:16  Drone x6  
  66  4:26  Evolution Chamber x2  
  64  4:31  Overlord  
  64  4:32  Drone  
  64  4:33  Drone x2  
  67  4:42  Drone x5  
  71  4:53  Zerg Melee Weapons Level 1  
  71  4:54  Zerg Ground Armor Level 1  
  71  4:56  Drone x5  
  71  4:58  Extractor  
  71  4:59  Extractor  
  73  5:09  Spore Crawler  
  73  5:14  Drone x7, Extractor  
  79  5:15  Extractor  
  79  5:18  Overlord  
  79  5:19  Hatchery  
  76  5:26  Baneling Nest  
  76  5:27  Extractor  
  74  5:31  Drone x7  
  74  5:32  Overlord x4  
  74  5:33  Overlord  
  79  5:42  Drone x3  
  79  5:46  Drone  
  77  5:54  Lair  
  77  6:05  Zergling x18  
  86  6:22  Zergling x8  
  90  6:30  Queen  
  92  6:39  Zergling x24  
  104  6:45  Hatchery  
  102  6:52  Centrifical Hooks, Zerg Melee Weapons Level 2  
  102  6:53  Zerg Ground Armor Level 2  
  102  6:55  Drone x8  
  102  7:00  Hydralisk Den  
  109  7:03  Baneling x13  
  109  7:21  Drone x8  
  117  7:24  Unknown  
  117  7:28  Zergling x20  
  126  7:34  Grooved Spines  
  123  7:53  Spore Crawler  
  123  7:55  Hatchery  
  123  7:56  Overlord x4  
  117  8:18  Hydralisk x9, Infestation Pit  
  122  8:28  Hatchery  
  114  8:35  Zergling x28  
  126  8:42  Hatchery  
  126  8:46  Muscular Augments  
  125  8:49  Hydralisk x3  
  125  8:55  Overlord x2  
  131  8:56  Pneumatized Carapace  
  131  8:57  Overseer x2  
  131  9:01  Hive  
  131  9:04  Drone x2  
  131  9:05  Drone x3  
  131  9:06  Drone  
  131  9:08  Zergling x16  
  145  9:18  Zergling x12  
  151  9:28  Zergling x6  
  151  9:29  Zergling x16  
  162  9:39  Burrow  
  162  9:44  Zergling x6  
  162  9:45  Zergling x12  
  162  9:47  Baneling x5  
  162  9:48  Baneling x12  
  153  9:59  Zergling x28  
  136  10:23  Zerg Melee Weapons Level 3, Ultralisk Cavern  
  136  10:25  Zerg Ground Armor Level 3  
  136  10:27  Adrenal Glands  
  135  10:30  Drone x4  
  135  10:31  Drone x6  
  145  10:37  Zergling x22  
  145  10:38  Zergling x2  
  144  10:55  Zergling x2  
  144  10:56  Zergling x32  
  157  11:05  Unknown  
  157  11:06  Spire  
  157  11:09  Zergling x18  
  164  11:20  Chitinous Plating  
  164  11:22  Ultralisk x5  
  190  11:34  Zergling x16  
  177  11:47  Zergling x22  
  178  12:00  Baneling x10  
  178  12:01  Zergling x12  
  175  12:04  Zergling x2  
  175  12:05  Queen x2  
  175  12:06  Queen  
  187  12:12  Baneling x4  
  187  12:16  Zergling x16  
  187  12:21  Zerg Flyer Weapons Level 1  
  172  12:52  Corruptor x5  
  172  12:55  Hatchery  
  181  13:03  Overlord x3  
  180  13:26  Zerg Missile Weapons Level 1  
  180  13:27  Spire  
  180  13:29  Hatchery  
  178  13:36  Zergling x8  
  178  13:37  Zergling x16  
  181  13:48  Zergling x8  
  181  13:49  Zergling x20  
  190  14:15  Zergling x30  
  165  14:26  Zergling x8  
  165  14:27  Zergling x42  
  147  14:40  Ultralisk x2  
  147  14:41  Ultralisk x2, Viper x3  
  147  14:44  Baneling x13  
  177  14:46  Ultralisk x3  
  195  14:58  Baneling x11  
  195  15:07  Hatchery  
  194  15:22  Zergling x4  
  187  15:47  Drone  
  188  15:51  Anabolic Synthesis  
  188  15:52  Zerg Flyer Weapons Level 2  
  188  15:53  Zerg Flyer Armor Level 1  
  179  15:58  Hatchery  
  179  16:01  Corruptor  
  179  16:02  Corruptor x10  
  192  16:19  Drone  
  192  16:20  Drone  
  192  16:21  Spore Crawler  
  193  16:31  Zergling x2  
  193  16:32  Zergling x26  
  191  17:08  Zerg Missile Weapons Level 2  
  190  17:21  Zergling x20  
  200  17:27  Baneling x13  
  200  17:28  Baneling x2  
  195  17:47  Hatchery  
  194  17:56  Extractor  
  193  18:00  Pathogen Glands  
  188  18:08  Zergling x22  
  188  18:09  Zergling x8  
  188  18:12  Extractor  
  166  18:33  Ultralisk x2  
  172  18:34  Zergling x6  
  172  18:35  Zergling x22  
  169  18:56  Neural Parasite  
  169  19:01  Extractor  
  166  19:11  Zerg Flyer Armor Level 2, Zerg Flyer Weapons Level 3  
  166  19:14  Zergling x36  
  179  19:32  Baneling, Unknown  
  179  19:33  Baneling x19  
  179  19:35  Hatchery  
  177  19:45  Ultralisk  
  177  19:46  Ultralisk  
  183  19:54  Hatchery  
  166  20:12  Zergling x22  
  168  20:31  Zergling x4  
  168  20:32  Zergling x42  
  161  21:03  Zergling x2  
  161  21:04  Zergling x38  
  158  21:14  Baneling  
  158  21:15  Baneling x20  
  158  21:24  Drone x2  
  158  21:25  Drone x3  
  163  21:27  Drone x3  
  163  21:28  Drone x4  
  163  21:30  Drone x7  
  177  21:40  Ultralisk x3  
  177  21:42  Zerg Flyer Armor Level 3  
  187  22:07  Zergling x2  
  187  22:08  Zergling x34  
  191  22:23  Zergling x2  
  191  22:24  Zergling x16  
  194  22:32  Zergling x2  
  194  22:33  Zergling x10  
  186  22:49  Baneling x6  
  186  22:51  Zergling x34  
  194  23:00  Zergling x14  
  185  23:16  Ultralisk x2  
  194  23:31  Zergling x36  
  194  23:34  Overseer x3, Hatchery  
  179  23:44  Ultralisk x3  
  179  23:45  Ultralisk  
  197  23:52  Baneling x19  
  197  23:53  Baneling x2  
  197  23:54  Zergling x4  
  199  24:07  Extractor  
  199  24:08  Extractor  
Show
View Real Time Build Order
Export as new Build Order

Musti Terran 

Build Orders: Reaper Expand 

Get SALT Encoding   

  12  0:01  SCV  
  13  0:14  SCV  
  14  0:17  Supply Depot  
  14  0:26  SCV  
  15  0:39  SCV  
  16  0:42  Barracks  
  16  0:46  Refinery  
  16  0:51  SCV  
  17  1:03  SCV  
  18  1:15  SCV  
  19  1:30  Orbital Command, Reaper  
  20  1:41  Command Center  
  20  1:55  SCV  
  20  1:58  Supply Depot  
  21  2:01  Marine  
  21  2:07  SCV, Factory  
  23  2:19  SCV  
  24  2:24  Barracks Reactor  
  24  2:31  SCV  
  25  2:44  SCV  
  26  2:46  Command Center  
  26  2:53  Orbital Command  
  26  2:56  SCV  
  29  3:06  Hellion  
  29  3:08  SCV, Hellion  
  32  3:19  Starport  
  32  3:20  SCV, Barracks Tech Lab  
  32  3:22  SCV  
  32  3:26  Refinery  
  34  3:30  Hellion  
  34  3:32  SCV  
  39  3:34  Hellion  
  39  3:37  SCV  
  40  3:44  SCV  
  41  3:48  Barracks Tech Lab  
  41  3:49  SCV  
  42  3:56  SCV  
  42  3:58  Orbital Command  
  42  4:01  SCV  
  44  4:05  Banshee  
  44  4:08  SCV  
  48  4:11  Barracks  
  48  4:12  Barracks, Stimpack  
  48  4:17  Marine  
  49  4:28  SCV  
  49  4:29  SCV  
  51  4:37  SCV, Supply Depot  
  52  4:38  Engineering Bay  
  52  4:39  Engineering Bay  
  52  4:40  SCV, Supply Depot  
  52  4:41  SCV  
  54  4:48  Refinery  
  54  4:49  SCV, Refinery  
  55  4:53  SCV x2  
  55  4:55  Starport Reactor  
  55  4:59  Marine  
  58  5:01  SCV  
  58  5:05  SCV  
  58  5:06  SCV, Barracks Reactor  
  61  5:10  Marine x2  
  61  5:11  Terran Infantry Weapons Level 1  
  61  5:12  Terran Infantry Armor Level 1  
  63  5:17  Orbital Command, Marine  
  64  5:25  SCV x2  
  64  5:28  Marine x2  
  66  5:31  Barracks  
  66  5:33  Barracks  
  66  5:35  Marine  
  69  5:37  SCV x2  
  68  5:46  Marine x2  
  61  5:50  SCV x2  
  61  5:52  SCV  
  61  5:53  Marine x3  
  67  6:00  Medivac x2  
  67  6:01  Armory  
  67  6:02  SCV x2  
  73  6:04  SCV, Marine x2  
  73  6:11  Marine  
  76  6:17  Supply Depot  
  77  6:19  Supply Depot  
  77  6:20  Supply Depot x2, Barracks Reactor x2  
  77  6:22  Marine x4  
  77  6:23  SCV x3  
  84  6:29  Marine  
  84  6:30  Supply Depot  
  84  6:31  Refinery  
  85  6:38  Medivac x2  
  85  6:39  SCV  
  90  6:40  Marine x4  
  90  6:46  SCV, Marine  
  96  6:48  SCV  
  96  6:52  Terran Vehicle Weapons Level 1  
  96  6:53  Supply Depot x2  
  96  6:54  Supply Depot  
  97  6:58  Marine x4  
  97  6:59  Marine  
  97  7:00  Marine x3  
  105  7:02  SCV  
  105  7:04  Marine  
  107  7:11  Supply Depot x2, Medivac  
  107  7:12  Supply Depot x2  
  107  7:14  Medivac  
  111  7:16  Marauder, Marine x3  
  111  7:17  Marine, Terran Infantry Weapons Level 2  
  111  7:18  Marine x3  
  111  7:19  Terran Infantry Armor Level 2  
  111  7:22  Marine  
  121  7:27  Combat Shield  
  121  7:34  Marine  
  121  7:36  Marine x3  
  121  7:37  Marine x3  
  124  7:38  Marauder  
  128  7:46  Marine  
  129  7:52  Marine  
  129  7:53  Barracks x2  
  129  7:55  Barracks, Command Center  
  130  8:03  Marine  
  130  8:04  Marauder  
  121  8:18  Marine  
  122  8:25  Marauder  
  117  8:29  Marine  
  117  8:33  Marine x6  
  122  8:34  Siege Tank  
  122  8:35  Marine  
  123  8:47  Marauder, Marine  
  126  8:50  Marine  
  126  8:51  Marine x5  
  126  8:52  Barracks Tech Lab  
  126  8:53  Terran Vehicle Weapons Level 2, Marine, Barracks Tech Lab x2  
  133  8:57  Refinery, Factory  
  133  9:04  Marine  
  133  9:06  Siege Tank  
  133  9:08  Marauder, Marine  
  133  9:09  Marine x5  
  145  9:11  Marine  
  146  9:20  Marauder  
  146  9:21  Marauder x2  
  146  9:22  Marine  
  153  9:26  Marine  
  153  9:27  Marine x5  
  153  9:29  Marauder, Marine  
  162  9:32  Planetary Fortress  
  162  9:38  Siege Tank, Terran Infantry Weapons Level 3  
  165  9:40  Marine  
  165  9:42  Marauder x2, Marine  
  165  9:44  Marine x2  
  133  10:06  Marine  
  133  10:07  Marauder  
  135  10:08  Marauder  
  135  10:10  Siege Tank  
  135  10:13  Marauder, Marine  
  135  10:14  Marauder, Marine  
  138  10:16  Factory Tech Lab  
  138  10:17  Marine  
  138  10:18  Terran Infantry Armor Level 3  
  138  10:19  Marine x4  
  138  10:25  SCV x3  
  138  10:28  Marauder  
  143  10:29  Marauder, Medivac x2  
  143  10:35  Marauder x2  
  151  10:37  SCV  
  151  10:42  Siege Tank  
  155  10:49  Marauder  
  136  10:50  Marauder  
  136  10:54  Marine  
  136  10:55  Siege Tank, Marine  
  136  10:56  Marauder, Marine x6  
  151  10:57  Marauder  
  151  10:59  Medivac  
  153  11:11  Marauder, Medivac  
  157  11:12  Marauder, Marine  
  157  11:13  Marine  
  157  11:14  Siege Tank, Marine x6  
  157  11:17  Marauder  
  174  11:18  Marauder  
  174  11:23  Liberator  
  172  11:29  Medivac  
  172  11:30  Marine  
  172  11:31  Marine x6  
  172  11:32  Marauder, Marine  
  184  11:33  Marauder  
  184  11:39  Marauder, Marine  
  165  11:41  Liberator  
  159  11:48  Marine  
  159  11:49  Marine x2  
  159  11:51  Marine  
  159  11:54  Marauder x2  
  164  11:57  Marauder  
  164  11:59  Marine  
  164  12:00  Marauder, Marine x3  
  169  12:05  Siege Tank, Marine  
  169  12:06  Marine  
  169  12:07  Liberator, Marine  
  178  12:08  Siege Tank  
  178  12:09  Marine  
  178  12:15  Marauder  
  181  12:16  Marauder  
  181  12:17  Marine x4  
  181  12:18  Marine  
  181  12:21  Marine  
  180  12:23  Marine  
  180  12:24  Marine  
  180  12:25  Marine  
  180  12:27  Marine  
  180  12:35  Marine x3  
  180  12:36  Marauder  
  180  12:37  Marauder x2  
  175  12:38  Siege Tank  
  175  12:39  Marauder  
  175  12:40  Siege Tank  
  183  12:47  Command Center  
  183  12:50  Medivac  
  185  12:52  Marine  
  185  12:53  Marine x5  
  185  12:55  Marine x2  
  185  12:58  Liberator, Marauder, Marine  
  195  13:03  Liberator  
  196  13:06  Marauder  
  196  13:10  Marauder, Marine  
  193  13:19  Ghost Academy  
  192  13:20  Starport  
  192  13:21  Starport  
  195  13:29  Marine  
  196  13:35  Missile Turret  
  196  13:40  Marine  
  196  13:41  Marine  
  196  13:58  Marine x2  
  196  13:59  Marauder  
  196  14:01  Starport Reactor, Starport Tech Lab  
  200  14:04  Liberator  
  200  14:06  Marine  
  200  14:10  Marine  
  200  14:15  Liberator x2  
  200  14:21  Marauder x2, Marine x3  
  200  14:22  Marauder  
  200  14:23  Siege Tank  
  200  14:24  Marine  
  187  14:38  Marine x2  
  188  14:51  Marauder, Marine x9  
  199  14:56  Marine  
  200  15:06  Neosteel Armor, Hi-Sec Auto Tracking  
  200  15:18  Liberator  
  200  15:19  Liberator, Missile Turret x2  
  200  15:20  Missile Turret x2  
  200  15:21  Planetary Fortress  
  200  15:22  Missile Turret  
  200  15:23  Missile Turret  
  200  15:34  Marauder  
  200  15:35  Marauder  
  187  15:48  Command Center  
  178  16:00  Medivac x2  
  182  16:09  Medivac  
  184  16:13  Ghost, Personal Cloaking  
  184  16:14  Ghost  
  188  16:18  Terran Ship Weapons Level 1, Medivac  
  188  16:19  Medivac  
  192  16:30  Medivac x2  
  192  16:32  Marine  
  197  16:33  Marine x3  
  195  16:49  Marine  
  195  16:50  Marine x2  
  195  17:00  Marine x3  
  194  17:09  Factory Tech Lab  
  194  17:24  Supply Depot, Liberator  
  194  17:25  Orbital Command, Supply Depot  
  194  17:29  Liberator x2  
  194  17:38  SCV  
  194  17:40  SCV, Ghost  
  194  17:41  SCV, Marauder, Marine x3  
  194  17:42  Marauder  
  194  17:43  Medivac  
  194  17:46  Marauder  
  194  17:50  SCV  
  157  18:14  Orbital Command  
  150  18:33  Ghost x2  
  150  18:34  Ghost  
  152  18:36  Marine  
  152  18:37  Marauder  
  154  18:50  Marine  
  154  18:51  Marine x5  
  154  18:53  Marine  
  156  18:57  Terran Ship Weapons Level 2  
  156  18:58  Marauder  
  156  19:00  Marine  
  151  19:03  Marauder x3  
  151  19:08  Marine  
  151  19:09  Refinery  
  156  19:11  Refinery  
  156  19:15  Unknown  
  156  19:18  Marine  
  156  19:19  Marauder, Marine x6  
  156  19:24  Marauder, Marine x2  
  167  19:31  Marine  
  155  19:36  Marine  
  155  19:37  Marine x6  
  162  19:41  Marauder  
  162  19:42  Marauder x2  
  170  19:45  Marauder  
  170  19:48  Marine  
  171  19:54  Marine x3  
  171  19:55  Marine x3  
  177  20:01  Ghost  
  164  20:11  Ghost x2  
  164  20:12  Marine  
  164  20:13  Marauder, Marine x7  
  178  20:17  Command Center, Medivac  
  178  20:18  Command Center  
  172  20:30  SCV, Marine  
  172  20:31  SCV x2, Marauder, Marine x7  
  172  20:33  Marine  
  186  20:39  Missile Turret  
  186  20:40  Marauder, Marine  
  186  20:41  Missile Turret  
  189  20:43  SCV x3  
  190  20:51  Ghost  
  190  20:52  Marauder  
  190  20:55  SCV x2  
  147  21:13  Terran Vehicle And Ship Armor Level 1  
  147  21:15  Marine, Medivac x2  
  147  21:16  Marauder  
  158  21:25  Marauder x2  
  158  21:26  Marauder  
  158  21:39  Orbital Command  
  158  21:46  Orbital Command, Planetary Fortress  
  158  21:48  SCV  
  158  21:49  SCV  
  160  21:59  Missile Turret  
  154  22:05  Marauder x2  
  152  22:14  Marauder, Marine  
  153  22:32  Marauder x2, Marine  
  158  22:43  Marine  
  132  22:49  Marauder x2, Marine  
  132  22:50  Orbital Command  
  133  22:53  Marauder  
  129  23:02  Orbital Command  
  111  23:09  Marine  
  111  23:10  Marauder, Marine x9  
  111  23:12  SCV x2  
  125  23:14  Marine  
  125  23:19  SCV  
  127  23:24  SCV x2  
  129  23:27  Marine  
  129  23:28  Marine  
  91  23:46  Medivac  
  91  23:47  Marauder, Marine x3, Medivac  
  100  23:49  Orbital Command  
  100  24:03  Marauder, Marine  
  100  24:08  Marine  
Tags
 
Add a new tag
Caveats
  • Supply blocks, unpowered buildings, or Contaminate may cause inaccurate times.
  • Supply counts are checked every 10 seconds.